 Dungeon Crawl Stone Soup version 0.25.1-2-g60ff931df9 (webtiles) character file.

Game seed: 2920997736410566640

618 Pl314 the Slasher (level 7, -2/55 HPs)
             Began as a Human Berserker on Oct 28, 2020.
             Was a Priest of Trog.
             Killed from afar by an orc wizard (13 damage)
             ... with a puff of frost
             ... on level 5 of the Dungeon on Oct 30, 2020.
             The game lasted 01:46:12 (4411 turns).

Pl314 the Slasher (Human Berserker)                 Turns: 4411, Time: 01:46:12

Health: -2/55      AC: 15    Str: 19    XL:     7   Next: 74%
Magic:  7/7        EV: 21    Int:  7    God:    Trog [***...]
Gold:   200        SH:  0    Dex: 13    Spells: 6/6 levels left

rFire    . . .     SeeInvis .   a - +1 falchion
rCold    . . .     Gourm    .   (no shield)
rNeg     + . .     Faith    .   d - +1 plate armour
rPois    .         Spirit   .   (no helmet)
rElec    .         Reflect  .   b - +1 cloak
rCorr    .         Harm     .   l - +0 pair of gloves
MR       .....                  (no boots)
Stlth    ..........             p - amulet of the acrobat
HPRegen  0.18/turn              h - ring of positive energy
MPRegen  0.10/turn              (no ring)

@: acrobat
A: no striking features
a: Berserk, Trog's Hand, Renounce Religion


You were on level 5 of the Dungeon.
You worshipped Trog.
Trog was most pleased with you.
You were not hungry.

You visited 1 branch of the dungeon, and saw 5 of its levels.

You collected 200 gold pieces.

Inventory:

Hand Weapons
 a - a +1 falchion (weapon)
 n - a +0 hand crossbow
Missiles
 j - 54 arrows (quivered)
 q - 9 bolts
Armour
 b - a +1 cloak (worn)
 d - a +1 plate armour (worn)
 k - a +0 ring mail
 l - a +0 pair of gloves (worn)
Jewellery
 h - a ring of positive energy (left hand)
 p - an amulet of the acrobat (around neck)
Scrolls
 e - 3 scrolls of identify
 g - 4 scrolls of remove curse
 m - a scroll of magic mapping
 o - 2 scrolls of teleportation
Potions
 f - 2 potions of stabbing
Comestibles
 c - 8 rations


   Skills:
 * Level 4.9 Fighting
 + Level 6.5 Long Blades
 + Level 3.6 Armour
 + Level 2.4 Dodging


You had 6 spell levels left.
You didn't know any spells.
Your spell library was empty.

Dungeon Overview and Level Annotations

Branches:
Dungeon (5/15)
 Temple: D:4-7

Altars:
Dithmenos
Hepliaklqana
Ru
Wu Jian
The Shining One


Message History

Beogh smites you!
The orc wizard casts a cantrip, but nothing happens.
The orc wizard points at you and mumbles some strange words.
The puff of flame hits you.
Press: ? - help, v - describe, . - travel The floor.
The orc priest looks encouraged for a moment.
The orc priest looks braver for a moment.
The orc priest mumbles some strange prayers to Beogh against you.
Beogh smites you!
The orc priest begins to cast a cantrip, but forgets the words!
The orc priest calls down the wrath of Beogh upon you.
Beogh smites you! The orc wizard casts a spell at you.
The puff of flame hits you!
* * * LOW HITPOINT WARNING * * *
The orc priest casts a cantrip, but nothing happens.
The orc wizard gestures at you while chanting.
The puff of frost hits you!
You die...

..# ######......# #.#
#.#######........#+####.#########
.......[.........................
#..#####.......###.##...........#
#..## ##).#........##..o.........
#...# #......#####....o..........
#.#.# #....<.....+....o##........
..#.###.....######.....##.#+##...
#....##.........@......##.#......
#....##.....###.......###.#####..
#....##......##..##...# #.# #....
.....##......##..###### #o# #.#..
......#####......# #.# #.#[.
....#.## ##.###.## #.###.#..
....#..# #....#.# #.....###
....##.###....#.# #######
.........#....#.#


You could see an orc priest, an orc wizard and an orc.

Vanquished Creatures
  An ice beast (D:5)
  An ogre (D:5)
  A scorpion (D:5)
  A howler monkey (D:4)
  A crimson imp (D:5)
  A bullfrog zombie (D:5)
  2 jellies (D:5)
  An orc wizard (D:4)
  2 worker ants
  4 gnolls (D:4)
  2 adders
  A shadow imp (D:5)
  An ooze (D:2)
  An adder skeleton (D:4)
  A worm (D:4)
  2 dart slugs
  A leopard gecko (D:3)
  12 orcs
  5 giant cockroaches
  3 goblins
  8 hobgoblins
  A kobold (D:1)
  4 quokkas
  6 bats
  4 frilled lizards
  A leopard gecko skeleton (D:4)
  A quokka zombie (D:5)
  9 rats
78 creatures vanquished.

Notes
Turn   | Place    | Note
-------+----------+-------------------------------------------
     0 | D:1      | Pl314 the Human Berserker began the quest for the Orb.
     0 | D:1      | Reached XP level 1. HP: 18/18 MP: 1/1
   126 | D:2      | Reached XP level 2. HP: 24/24 MP: 2/2
   194 | D:2      | Reached XP level 3. HP: 29/29 MP: 3/3
   865 | D:2      | Reached ** piety under Trog
  1202 | D:2      | Reached XP level 4. HP: 37/37 MP: 4/4
  1509 | D:3      | Reached skill level 4 in Long Blades
  1649 | D:3      | Found an ornate altar of the Wu Jian Council.
  1932 | D:4      | Reached XP level 5. HP: 42/42 MP: 5/5
  2413 | D:4      | Reached skill level 5 in Long Blades
  2456 | D:4      | Found a hazy altar of Hepliaklqana.
  2466 | D:4      | Found a shadowy altar of Dithmenos.
  2466 | D:4      | Found a sacrificial altar of Ru.
  2467 | D:4      | Found a glowing golden altar of the Shining One.
  2585 | D:4      | Reached XP level 6. HP: 30/48 MP: 6/6
  2983 | D:5      | Entered Level 5 of the Dungeon
  3004 | D:5      | Noticed an ice beast
  3364 | D:5      | Reached *** piety under Trog
  3711 | D:5      | Noticed an ogre
  3809 | D:5      | Killed an ice beast
  3809 | D:5      | Reached skill level 6 in Long Blades
  3809 | D:5      | Reached XP level 7. HP: 55/55 MP: 7/7
  4411 | D:5      | Killed from afar by an orc wizard

Illustrated notes

Levels and vault maps discovered:
D:1:      heliophobic_arrival_enchanted_forest, layout_basic
D:2:      layout_basic, minmay_crystal_room
D:3:      layout_rooms, old_standard_altar
D:4:      layout_cave_pools, chequers_temple_overflow_statue_of_worship
D:5:      layout_basic, first_ration

Skill      XL: |  1  2  3  4  5  6 |
---------------+-------------------+-----
Long Blades    | 4 5 6 |  6.5
Fighting       | 4 |  4.9
Armour         | 3 |  3.6
Dodging        | |  2.4

Action                   |  1- 3 |  4- 6 |  7- 9 || total
-------------------------+-------+-------+-------++-------
Melee: Falchion          |    95 |   217 |    49 ||   361
Invok: Berserk           |     1 |     2 |     2 ||     5
  Use: Potion            |     4 |     1 |     1 ||     6
       Scroll            |     2 |     8 |       ||    10
  Eat: Chunk             |     2 |     8 |     1 ||    11
       Ration            |       |     1 |     1 ||     2
Armor: Plate armour      |    63 |    75 |    19 ||   157
       Ring mail         |       |    44 |       ||    44
Dodge: Dodged            |    37 |    82 |    16 ||   135
       Rpst.: Falchion   |    13 |    28 |     6 ||    47
